 Dungeon Crawl Stone Soup version 0.30-a0-777-ga9a30cbeda (console) character file.

Game seed: 1772508589202697110

669 rlgrobin the Cudgeller (level 7, 0/59 HPs)
             Began as an Armataur Fighter on Feb 15, 2023.
             Slain by a sky beast (5 damage)
             ... on level 7 of the Dungeon.
             The game lasted 00:06:00 (956 turns).

rlgrobin the Cudgeller (Armataur Fighter)            Turns: 956, Time: 00:06:01

Health: 0/59       AC:  9    Str: 21    XL:     7   Next: 32%
Magic:  7/7        EV:  7    Int:  8    God:
Gold:   73         SH:  4    Dex: 12    Spells: 6/6 levels left

rFire   . . .      SeeInvis .    a - +0 flail (flame)
rCold   . . .      Faith    .    c - +0 buckler
rNeg    . . .      Spirit   .    b - +0 scale mail
rPois   .          Reflect  .    (no helmet)
rElec   .          Harm     .    l - +1 cloak
rCorr   .          Roll     +    (no gloves)
Will    .....                    (no barding) Stlth
                                 (no amulet)
HPRegen 0.29/turn                m - ring of wizardry
MPRegen 0.10/turn                (no ring)

@: hasted, very quick
A: large, rugged brown scales 3, deformed body, armoured tail, roll, long
tongue, awkward tongue
a: no special abilities


You were on level 7 of the Dungeon.
You visited 1 branch of the dungeon, and saw 7 of its levels.

You collected 143 gold pieces.
You spent 70 gold pieces at shops.

Inventory:

Hand Weapons
 a - a +0 flail of flaming (weapon)
Missiles
 g - a curare-tipped dart
 i - 5 poisoned darts
 o - 4 javelins (quivered)
Armour
 b - a +0 scale mail (worn)
 c - a +0 buckler (worn)
 l - a +1 cloak (worn)
Jewellery
 m - a ring of wizardry (left hand)
Wands
 k - a wand of mindburst (2)
Scrolls
 e - 2 scrolls of identify
 j - a scroll of enchant weapon {unknown}
 p - a scroll of teleportation
Potions
 d - a potion of might
 f - a potion of attraction


   Skills:
 - Level 2.6 Fighting
 + Level 7.6 Maces & Flails
 - Level 3.6 Armour
 - Level 3.2 Shields


You had 6 spell levels left.
You didn't know any spells.
Your spell library contained the following spells:

 Spells                   Type           Power      Damage    Failure   Level
 Ensorcelled Hibernation  Hex/Ice        0%         N/A       61%         2
 Spider Form              Tmut/Pois      0%         N/A       83%         3
 Tukima's Dance           Hex            0%         N/A       83%         3
 Anguish                  Hex/Necr       0%         N/A       99%         4
 Passage of Golubria      Tloc           0%         N/A       99%         4
 Yara's Violent Unravell  Hex/Tmut       0%         3d3       100%        5


Dungeon Overview and Level Annotations

Branches:
Dungeon (7/15)
 Temple: D:4-7

Altars:
Xom

Shops:
D:6 ???

Annotations:
D:5 1 transporter, AppleFox63's ghost, novice TeAE


Innate Abilities, Weirdness & Mutations

You are completely covered in rugged brown scales. (AC +3, +7% HP)
Armour fits poorly on your strangely shaped body.
You have a long armoured tail.
You roll when moving toward enemies. (Rampage)
Your long tongue fully drains potion bottles. (2x potion effects)
Your tongue gives you trouble enunciating. (1.5x scroll delay)


Message History

Found an escape hatch in the floor.
You block the iguana's attack.
The sky beast flickers out of sight!
Deactivating autopickup; reactivate with Ctrl-A.
Something hits you but does no damage.
You closely miss the iguana. The iguana bites you.
You hit the iguana. You burn the iguana.
Your tail-slap misses the iguana.
The iguana is heavily wounded.
The iguana bites you.
You hit the iguana. You burn the iguana. You tail-slap the iguana.
You kill the iguana!
A sky beast appears from thin air!
Reactivating autopickup.
You hit the sky beast. You burn the sky beast.
The sky beast is moderately wounded.
The sky beast hits you. The sky beast shocks you.
* * * LOW HITPOINT WARNING * * *
You closely miss the sky beast.
The sky beast is moderately wounded.
The sky beast hits you.
* * * LOW HITPOINT WARNING * * *
The sky beast shocks you.
* * * LOW HITPOINT WARNING * * *
You slurp down every last drop of the potion of haste!
You feel yourself speed up. The sky beast barely misses you.
You hit the sky beast. You burn the sky beast.
The sky beast is heavily wounded.
You sock the sky beast! You burn the sky beast.
The sky beast is almost dead.
The sky beast hits you but does no damage.
You hit the sky beast. You burn the sky beast.
The sky beast is almost dead.
The sky beast closely misses you.
You closely miss the sky beast.
Your tail-slap misses the sky beast.
The sky beast is almost dead.
You sock the sky beast! You burn the sky beast.
You kill the sky beast!
You closely miss the sky beast. The sky beast hits you.
* * * LOW HITPOINT WARNING * * *
The sky beast shocks you.
You die...

#.## #....#
#.....# #<##.#
#..######..##.#
#....>.#..###.##
#.....#.# #..##
##.....#.# ##..#
.......#.# ##.#
.......#.######.#
..........†.Y@..#
.......#.########
..######.# ...
#...# #...# #...#
#....


You could see a sky beast.

Vanquished Creatures
  A water moccasin (D:5)
  2 sky beasts (D:7)
  A black bear (D:4)
  A kobold brigand (D:7)
  A bullfrog (D:7)
  A hound (D:4)
  An orc priest (D:6)
  An iguana (D:7)
  An orc wizard (D:7)
  An adder (D:2)
  An ufetubus (D:6)
  10 orcs
  2 endoplasms
  3 giant cockroaches
  2 hobgoblins
  9 kobolds
  3 quokkas
  2 ball pythons
  A frilled lizard (D:2)
  2 goblins
  3 rats
49 creatures vanquished.

Notes
Turn   | Place    | Note
-------+----------+-------------------------------------------
     0 | D:1      | rlgrobin the Armataur Fighter began the quest for the Orb.
     0 | D:1      | Reached XP level 1. HP: 19/19 MP: 1/1
    49 | D:1      | Reached skill level 2 in Maces & Flails
    95 | D:1      | Reached XP level 2. HP: 23/26 MP: 2/2
   195 | D:2      | Reached skill level 3 in Maces & Flails
   273 | D:2      | Reached XP level 3. HP: 32/32 MP: 3/3
   371 | D:4      | Found a shimmering altar of Xom.
   375 | D:4      | Noticed a black bear
   385 | D:4      | Killed a black bear
   386 | D:4      | Reached skill level 4 in Maces & Flails
   386 | D:4      | Reached XP level 4. HP: 15/39 MP: 4/4
   474 | D:4      | Reached XP level 5. HP: 23/44 MP: 5/5
   541 | D:5      | Entered Level 5 of the Dungeon
   571 | D:5      | Found a transporter.
   573 | D:5      | Noticed a water moccasin
   576 | D:5      | Noticed AppleFox63's ghost (novice TeAE)
   579 | D:5      | Killed a water moccasin
   580 | D:5      | Reached skill level 5 in Maces & Flails
   656 | D:6      | Found Cunal Eqaka's Magic Scroll Emporium.
   667 | D:6      | Bought a scroll of identify for 28 gold pieces
   667 | D:6      | Bought a scroll of teleportation for 42 gold pieces
   683 | D:6      | Found Zifipnen's Magic Scroll Emporium.
   697 | D:6      | Reached XP level 6. HP: 51/53 MP: 6/6
   723 | D:6      | Reached skill level 6 in Maces & Flails
   895 | D:7      | Noticed a sky beast
   907 | D:7      | Killed a sky beast
   908 | D:7      | Reached skill level 7 in Maces & Flails
   908 | D:7      | Reached XP level 7. HP: 15/59 MP: 7/7
   920 | D:6      | Found Ewuuroc's Magic Scroll Shop.
   956 | D:7      | Slain by a sky beast

Illustrated notes

Levels and vault maps discovered:
D:1:      lightli_arrival_quake, layout_rooms,
          shapermc_ecumenical_altar_pompeii, grunt_decor_clamped
D:2:      layout_rooms, minmay_misc_feat_chi, minmay_crystal_water,
          minmay_misc_feat_tower, nicolae_figureground_pulse
D:3:      layout_basic, nrook_campfire, uniq_crazy_yiuf_cottage
D:4:      nicolae_BIG_FREAKIN_CUBE, layout_loops_corners,
          mainiacjoe_overflow_paths
D:5:      layout_basic, gammafunk_ghost_stat_death
D:6:      layout_basic, trog_three_pillars_becter, serial_shops, shop,
          nicolae_shop_window_shopping, shop_statue, kennysheep_little_box,
          serial_curves, eino_curves_01, eino_curves_03,
          minmay_misc_feat_secret_circle, grunt_decor_cap, uniq_menkaure
D:7:      layout_rooms, minmay_temple_entry_glass, serial_shops, shop

Skill      XL: |  1  2  3  4  5  6 |
---------------+-------------------+-----
Maces & Flails | 2 3 4 5 7 |  7.6
Fighting       | |  2.6
Armour         | |  3.6
Shields        | |  3.2

Action                     |  1- 3 |  4- 6 |  7- 9 || total
---------------------------+-------+-------+-------++-------
  Melee: Flail             |    53 |    84 |    11 ||   148
         Tailslap          |     5 |    13 |     1 ||    19
    Use: Scroll            |       |     7 |       ||     7
         Potion            |       |     1 |     1 ||     2
 Armour: Scale mail        |    25 |    31 |     2 ||    58
  Dodge: Dodged            |    15 |    20 |     2 ||    37
  Block: Buckler           |     8 |    20 |     1 ||    29

Table legend: (Time is in decaauts)
 A = Elapsed time spent in this place.
 B = Non-inter-level travel time spent in this place.
 C = Inter-level travel time spent in this place.
 D = Time resting spent in this place.
 E = Time spent auto-exploring this place.
 F = Levels seen in this place.
 G = Mean time per level.
                   A        B        C        D        E       F      G
               +--------+--------+--------+--------+--------+-----+--------+
         Total |    983 |    983 |      0 |      0 |      0 |   7 |  140.4 |
       Dungeon |    983 |    983 |      0 |      0 |      0 |   7 |  140.4 |
               +--------+--------+--------+--------+--------+-----+--------+

Top non-repeatable levels by time:
     D:6: 194 daAuts
     D:4: 193 daAuts
     D:1: 166 daAuts
     D:2: 153 daAuts
     D:7: 145 daAuts
     D:5: 84 daAuts
     D:3: 45 daAuts
